 Dungeon Crawl Stone Soup version 0.20.0-15-g7f486f2 (webtiles) character file.

826 esteth the Digger (level 7, 0/44 HPs)
             Began as a Gargoyle Earth Elementalist on June 17, 2017.
             Slain by Grinder (2 damage)
             ... on level 5 of the Dungeon.
             The game lasted 00:16:12 (6579 turns).

esteth the Digger (Gargoyle Earth Elementalist)     Turns: 6579, Time: 00:16:13

Health: 0/44       AC:  8    Str: 17    XL:     7   Next: 96%
Magic:  8/10       EV: 12    Int: 17    God:
Gold:   255        SH:  0    Dex: 10    Spells: 6/10 levels left

rFire    . . .     SeeInvis .   y - staff of earth
rCold    . . .     Gourm    .   (no shield)
rNeg     + . .     Faith    .   c - +0 robe
rPois    ∞         Spirit   .   (no helmet)
rElec    +         Reflect  .   (no cloak)
rCorr    .         Harm     .   x - +0 pair of gloves
MR       .....                  m - +0 pair of boots
Stlth    ++........             (no amulet)
Regen    0.2/turn               (no ring)
MPRegen  0.2/turn               (no ring)

@: mighty
A: negative energy resistance 1, electricity resistance, unbreathing,
petrification resistance, rot immunity, AC +4
a: no special abilities


You were on level 5 of the Dungeon.
You were not hungry.

You visited 1 branch of the dungeon, and saw 6 of its levels.

You collected 255 gold pieces.

Inventory:

Hand Weapons
 o - a +3 whip of electrocution
Missiles
 b - 211 stones (quivered)
Armour
 c - a +0 robe (worn)
 m - a +0 pair of boots (worn)
 x - a +0 pair of gloves (worn)
Magical Staves
 y - an uncursed staff of earth (weapon)
Jewellery
 s - a cursed -2 ring of protection {unknown}
Wands
 f - a wand of lightning (9/15)
 q - a wand of iceblast (9/15)
 r - a wand of scattershot (7/9)
Scrolls
 h - 4 scrolls of amnesia
 t - 2 scrolls of remove curse
 u - 2 scrolls of identify
 v - a scroll of magic mapping {unknown}
Potions
 g - a potion of heal wounds {unknown}
 j - a potion of flight {unknown}
 p - 2 potions of might
 w - a potion of ambrosia {unknown}
 A - a potion of lignification {unknown}
Books
 e - a book of Geomancy

   Spells                             Type                      Level
   a - Sandblast                      Earth                        1
   b - Passwall                       Transmutation/Earth          2
   c - Stone Arrow                    Conjuration/Earth            3
   d - Petrify                        Transmutation/Earth          4
   e - Lee's Rapid Deconstruction     Earth                        5
 l - a book of Minor Magic

   Spells                             Type                      Level
   a - Magic Dart                     Conjuration                  1
   b - Blink                          Translocation                2
   c - Call Imp                       Summoning                    2
   d - Slow                           Hexes                        2
   e - Conjure Flame                  Conjuration/Fire             3
   f - Mephitic Cloud                 Conjuration/Poison/Air       3
Comestibles
 a - a royal jelly
 d - 3 bread rations
 i - 6 meat rations
 z - 6 fruits
 B - 16 chunks of flesh


   Skills:
 - Level 4.8 Fighting
 - Level 4.2 Maces & Flails
 - Level 1.5 Dodging
 - Level 2.1 Stealth
 - Level 2.0 Spellcasting
   Level 0.7 Transmutations
 + Level 7.4 Earth Magic
 + Level 1.3 Evocations


You had 6 spell levels left.
You knew the following spells:

 Your Spells              Type           Power        Failure   Level  Hunger
a - Sandblast             Erth           #####.       1%          1    #......
b - Conjure Flame         Conj/Fire      #.......     50%         3    ###....


Dungeon Overview and Level Annotations

Branches:
Dungeon (6/15)
 Temple: D:4-7

Altars:
Sif Muna
Xom

Annotations:
D:2 Sigmund
D:4 exclusion: downstairs
D:5 Grinder; Prince Ribbit; Wanze's ghost, novice HaSk
D:6 Menkaure


Innate Abilities, Weirdness & Mutations

You are resistant to torment.
Your stone body is resilient. (AC +4)
You are immune to poison.
You resist negative energy. (rN+)
You are resistant to electric shocks. (rElec)
You can survive without breathing.
You are immune to petrification.
You are immune to rotting.


Message History

It was a potion of might.
You feel very mighty all of a sudden. Grinder barely misses you.
You barely miss Grinder.
Grinder is moderately wounded.
Grinder gestures at you. Pain shoots through your body!
* * * LOW HITPOINT WARNING * * *
Okay, then.
Okay, then.
Casting: Sandblast
Confirm with . or Enter, or press ? or * to list all spells.
Aiming: Sandblast
Press: ? - help, Shift-Dir - straight line, f/p - Grinder
Aim: Grinder (moderately wounded)
You feel a surge of power!
The blast of sand hits Grinder.
Grinder is severely wounded.
b - 211 stones Grinder hits you.
You die...

##...# ##...... #....#
###..... #.##.# ##.....##
#.##.######..##### ..
#...........## ..
#..##.####### .# #..##.#
###### ##.#
##..##.###.!..# #..
####..@5..[....# #.#
######......##.###..#
##.###......#...###.##..##
#.((.(.#####..#.# #5#..##
## )(.##### ...##.###...##
... #.## ..####.##...##
#.# ..# .#
#.##.#.######... #..## ##
#.##.#..##.....# #....
##.....#


You could see Grinder.

Vanquished Creatures
  An ogre (D:4)
  A centaur (D:5)
  A scorpion (D:4)
  A bullfrog zombie (D:5)
  A quasit (D:5)
  2 orc priests
  5 orc wizards
  2 iguanas
  Natasha (twice) (D:2)
  2 worker ants (D:6)
  4 gnolls (D:6)
  3 adders
  An ooze (D:4)
  3 worms
  3 dart slugs (D:1)
  7 leopard geckos
  8 orcs
  5 giant cockroaches
  12 goblins
  12 hobgoblins
  4 jackals (D:2)
  12 kobolds
  2 quokkas (D:2)
  2 ball pythons
  11 bats
  4 frilled lizards
  6 rats
117 creatures vanquished.

Notes
Turn   | Place    | Note
-------+----------+-------------------------------------------
     0 | D:1      | esteth the Gargoyle Earth Elementalist began the quest for the Orb.
     0 | D:1      | Reached XP level 1. HP: 10/10 MP: 3/3
   148 | D:1      | Reached skill level 4 in Earth Magic
   479 | D:1      | Reached XP level 2. HP: 12/15 MP: 5/5
  1185 | D:1      | Reached XP level 3. HP: 13/19 MP: 6/6
  1187 | D:1      | Reached skill level 5 in Earth Magic
  2785 | D:2      | Learned a level 3 spell: Conjure Flame
  3002 | D:2      | Reached XP level 4. HP: 24/24 MP: 7/7
  3003 | D:2      | Noticed Sigmund
  3213 | D:2      | Noticed Natasha
  3220 | D:2      | Killed Natasha
  3220 | D:2      | Reached skill level 6 in Earth Magic
  3348 | D:2      | Noticed Natasha
  3363 | D:2      | Killed Natasha
  3363 | D:2      | Reached XP level 5. HP: 15/28 MP: 5/8
  3401 | D:2      | Found a deep blue altar of Sif Muna.
  3401 | D:2      | Found a shimmering altar of Xom.
  3872 | D:3      | Found a faded altar of an unknown god.
  3907 | D:3      | Reached skill level 7 in Earth Magic
  4537 | D:4      | Noticed an ogre
  4542 | D:4      | Killed an ogre
  4542 | D:4      | Reached skill level 1 in Maces & Flails
  4542 | D:4      | Reached XP level 6. HP: 34/35 MP: 5/9
  5401 | D:4      | Reached XP level 7. HP: 36/41 MP: 10/10
  5485 | D:5      | Entered Level 5 of the Dungeon
  5497 | D:5      | Noticed Wanze's ghost (novice HaSk)
  5502 | D:5      | Noticed Prince Ribbit
  6327 | D:5      | Noticed Grinder
  6369 | D:6      | Reached skill level 1 in Evocations
  6557 | D:6      | Noticed Menkaure
  6578 | D:5      | HP: 2/44 [Grinder/nerve-wracking pain (7)]
  6579 | D:5      | Slain by Grinder

Skill      XL: |  1  2  3  4  5  6  7 |
---------------+----------------------+-----
Earth Magic    | 4 5 6 7 |  7.4
Fighting       | 2 3 4 |  4.8
Maces & Flails | 1 3 4 |  4.2
Evocations     | 1 |  1.3
Dodging        | |  1.5
Stealth        | |  2.1
Spellcasting   | |  2.0
Transmutations | |  0.7

Action                   |  1- 3 |  4- 6 |  7- 9 || total
-------------------------+-------+-------+-------++-------
Melee: Unarmed           |   222 |       |       ||   222
       Whip              |    19 |   194 |    44 ||   257
       Staff             |       |       |     3 ||     3
 Cast: Sandblast         |    16 |    13 |    29 ||    58
  Use: Scroll            |       |     8 |     2 ||    10
       Potion            |       |     1 |     4 ||     5
 Stab: Sleeping          |     4 |     4 |     1 ||     9
  Eat: Chunk             |     6 |     9 |     4 ||    19
Armor: Robe              |   100 |    68 |    21 ||   189
Dodge: Dodged            |   193 |   139 |    42 ||   374
